 Dungeon Crawl Stone Soup version 0.28.0 (webtiles) character file.

Game seed: 5312931434510732293

98 Gabide the Ducker (level 5, -8/41 HPs)
             Began as a Human Monk on Feb 7, 2022.
             Mangled by an ice beast (14 damage)
             ... on level 3 of the Dungeon.
             The game lasted 00:05:55 (3847 turns).

Gabide the Ducker (Human Monk)                      Turns: 3847, Time: 00:05:55

Health: -8/41      AC:  4    Str: 12    XL:     5   Next: 0%
Magic:  5/5        EV: 14    Int: 10    God:
Gold:   103        SH:  0    Dex: 17    Spells: 4/4 levels left

rFire   . . .      SeeInvis .   k - +1 spear (flame)
rCold   . . .      Faith    .   (no shield)
rNeg    . . .      Spirit   .   b - +0 robe
rPois   .          Reflect  .   d - +0 helmet
rElec   .          Harm     .   (no cloak)
rCorr   .          Rampage  .   g - +0 pair of gloves
Will    .....                   (no boots)
Stlth   ++........              (no amulet)
HPRegen 0.13/turn               (no ring)
MPRegen 0.09/turn               (no ring)

@: no status effects
A: no striking features
a: no special abilities


You were on level 3 of the Dungeon.
You visited 1 branch of the dungeon, and saw 3 of its levels.

You collected 103 gold pieces.

Inventory:

Hand Weapons
 c - a +0 trident
 k - a +1 spear of flaming (weapon)
Armour
 b - a +0 robe (worn)
 d - a +0 helmet (worn)
 g - a +0 pair of gloves (worn)
Potions
 a - a potion of attraction {unknown}
 e - a potion of cancellation {unknown}
 f - a potion of curing {unknown}
 h - a potion of heal wounds {unknown}
 i - a potion of might {unknown}
 l - a potion of resistance {unknown}


   Skills:
 + Level 3.5 Fighting
 + Level 3.8 Polearms
 * Level 3.9 Dodging
 + Level 2.7 Stealth


You had 4 spell levels left.
You didn't know any spells.
Your spell library contained the following spells:

 Spells                   Type           Power      Damage    Failure   Level
 Magic Dart               Conj           0%         1d3       36%         1
 Call Imp                 Summ           0%         N/A       50%         2
 Mephitic Cloud           Conj/Pois/Air  0%         N/A       75%         3
 Portal Projectile        Hex/Tloc       0%         N/A       75%         3
 Blade Hands              Tmut           0%         N/A       100%        5
 Excruciating Wounds      Necr           0%         N/A       100%        5


Dungeon Overview and Level Annotations

Branches:
Dungeon (3/15)

Altars:


Message History

An ice beast comes into view.
You reach to attack!
You hit the ice beast but do no damage. You barely miss the ice beast.
You completely miss the ice beast. The ice beast hits you.
The ice beast freezes you!
You hit the ice beast but do no damage. The ice beast hits you.
The ice beast freezes you!
You are too injured to fight recklessly!
You are too injured to fight recklessly!
You are too injured to fight recklessly!
You are too injured to fight recklessly!
You are too injured to fight recklessly!
You are too injured to fight recklessly!
You are too injured to fight recklessly!
You are too injured to fight recklessly!
You are too injured to fight recklessly!
You are too injured to fight recklessly!
You are too injured to fight recklessly!
You are too injured to fight recklessly!
You are too injured to fight recklessly!
You are too injured to fight recklessly!
You are too injured to fight recklessly!
You are too injured to fight recklessly!
You are too injured to fight recklessly!
You are too injured to fight recklessly!
You are too injured to fight recklessly!
You are too injured to fight recklessly!
You are too injured to fight recklessly!
You are too injured to fight recklessly!
You are too injured to fight recklessly!
You are too injured to fight recklessly!
You are too injured to fight recklessly!
The ice beast hits you. The ice beast freezes you.
* * * LOW HITPOINT WARNING * * *
As you read the scroll labelled TAHAIM MOBLEUSS, it crumbles to dust.
It is a scroll of amnesia.
You feel forgetful for a moment. The ice beast hits you.
* * * LOW HITPOINT WARNING * * *
The ice beast freezes you!
You die...

#. #.# #.#..# #.###.# .#
#....# .# ##.##..# .# #
#..#.###..###.#..#
#.#..............# ###
.........####... #..
#.#.####.####.##.## ###
#.#........@.......
##.###.########Y#######.
.......########.#
#..............#
################


You could see an ice beast.

Vanquished Creatures
  Robin (D:2)
  3 gnolls (D:2)
  2 dart slugs (D:1)
  2 bats
  4 endoplasms
  A giant cockroach (D:1)
  11 goblins
  9 hobgoblins
  2 jackals (D:2)
  4 quokkas
  2 ball pythons
  A frilled lizard (D:2)
  4 kobolds
  3 rats
49 creatures vanquished.

Notes
Turn   | Place    | Note
-------+----------+-------------------------------------------
     0 | D:1      | Gabide the Human Monk began the quest for the Orb.
     0 | D:1      | Reached XP level 1. HP: 18/18 MP: 1/1
   143 | D:1      | Reached XP level 2. HP: 22/24 MP: 2/2
   985 | D:1      | Reached XP level 3. HP: 29/29 MP: 3/3
  1199 | D:2      | Noticed Robin
  2061 | D:2      | Reached XP level 4. HP: 31/35 MP: 4/4
  2756 | D:2      | Killed Robin
  3777 | D:3      | Reached XP level 5. HP: 38/41 MP: 5/5
  3827 | D:3      | Noticed an ice beast
  3847 | D:3      | Mangled by an ice beast

Illustrated notes

Levels and vault maps discovered:
D:1:      minmay_arrival_semitransparent, layout_loops_corners
D:2:      layout_basic, uniq_robin
D:3:      layout_loops_ring, shapermc_ecumenical_altar_pompeii, serial_shops,
          nicolae_shop_trees, nicolae_figureground_sparkle

Action                   |  1- 3 |  4- 6 || total
-------------------------+-------+-------++-------
Melee: Spear             |    97 |    98 ||   195
       Punch             |     1 |       ||     1
  Use: Scroll            |     5 |     1 ||     6
 Stab: Sleeping          |     6 |     1 ||     7
Armor: Robe              |    13 |    15 ||    28
Dodge: Dodged            |    45 |    59 ||   104
